 Dungeon Crawl Stone Soup version 0.25-a0-292-gaa31f046c4 (webtiles) character file.

Game seed: 12561459518645671770, levelgen mode: classic

237 Borgoz the Skirmisher (level 6, -1/38 HPs)
             Began as a Kobold Fighter on Dec 15, 2019.
             Was an Initiate of Ashenzari.
             Slain by an orc
             ... wielding a +1 flail of protection
              (10 damage)
             ... on level 5 of the Dungeon.
             The game lasted 00:03:40 (4143 turns).

Borgoz the Skirmisher (Kobold Fighter)              Turns: 4143, Time: 00:03:41

Health: -1/38      AC:  6    Str: 15    XL:     6   Next: 28%
Magic:  6/6        EV: 10    Int: 10    God:    Ashenzari [......]
Gold:   206        SH:  9    Dex: 14    Spells: 5/5 levels left

rFire    . . .     SeeInvis .   a - +0 rapier (curse)
rCold    . . .     Gourm    .   c - +0 shield
rNeg     . . .     Faith    .   b - +0 scale mail (curse)
rPois    .         Spirit   .   (no helmet)
rElec    .         Reflect  .   (no cloak)
rCorr    .         Harm     .   (no gloves)
MR       .....                  (no boots)
Stlth    +.........             (no amulet)
HPRegen  0.12/turn              (no ring)
MPRegen  0.10/turn              (no ring)

@: no status effects
A: small, carnivore
a: Curse Item, Renounce Religion


You were on level 5 of the Dungeon.
You worshipped Ashenzari.
Ashenzari was noncommittal.
You were completely stuffed.

You visited 1 branch of the dungeon, and saw 5 of its levels.

You collected 206 gold pieces.

Inventory:

Hand Weapons
 a - a cursed +0 rapier (weapon)
Missiles
 n - 2 throwing nets (quivered)
Armour
 b - a cursed +0 scale mail (worn)
 c - a +0 shield (worn)
Wands
 t - a wand of random effects (19)
Scrolls
 g - 2 scrolls of identify {unknown}
 k - 2 scrolls of magic mapping {unknown}
 l - 2 scrolls of teleportation {unknown}
 r - a scroll of immolation {unknown}
 s - a scroll of enchant weapon {unknown}
 u - a scroll of amnesia
Potions
 d - 4 potions of might
 e - a potion of agility
 i - 2 potions of degeneration {unknown}
 j - a potion of curing {unknown}
 m - a potion of cancellation {unknown}
 q - a potion of brilliance {unknown}
 v - a potion of haste {unknown}
Comestibles
 f - 9 rations
 h - a chunk of flesh


   Skills:
 + Level 4.1 Fighting
 + Level 4.0 Short Blades
 + Level 3.1 Armour
 + Level 2.5 Dodging
 + Level 3.4 Stealth
 + Level 3.0 Shields


You had 5 spell levels left.
You didn't know any spells.
Your spell library was empty.

Dungeon Overview and Level Annotations

Branches:
Dungeon (5/15)             Temple (0/1) D:5

Altars:
Ashenzari
Fedhas
Nemelex Xobeh
Qazlal
Sif Muna


Innate Abilities, Weirdness & Mutations

You are small and have problems with some larger weapons.
You are carnivorous and can eat meat at any time.


Message History

You are too injured to fight recklessly!
You are too injured to fight recklessly!
You are too injured to fight recklessly!
You are too injured to fight recklessly!
You are too injured to fight recklessly!
You are too injured to fight recklessly!
You are too injured to fight recklessly!
You are too injured to fight recklessly!
You hit the orc.
The orc is lightly wounded.
The orc hits you but does no damage. You block the orc's attack.
You hit the orc.
The orc is almost dead.
The orc barely misses you.
The orc hits you with a +1 flail of protection.
* * * LOW HITPOINT WARNING * * *
You puncture the orc!
You kill the orc!
The orc hits you with a +1 flail of protection!
You die...

..§§§..# ### ####
#.§.... #..
....#####....
######.##.....#...)<#
.......##.# #.#.....#
........# #.......#
...#..###.#.....#
##.#......#o....#
#.........@######
#÷##...#.#.#
#.##.<..##.#
#.##....##.#
#.###...##.#
#.###......#.
#..............
######...###.## #####
#


You could see an orc.

Vanquished Creatures
  A howler monkey (D:4)
  A worker ant (D:4)
  A worker ant zombie (D:5)
  6 adders
  2 oozes
  An adder zombie (D:5)
  4 worms
  2 leopard geckos (D:3)
  2 orcs (D:5)
  5 bats
  5 giant cockroaches
  10 goblins
  7 hobgoblins
  7 jackals
  2 quokkas
  2 ball pythons
  9 frilled lizards
  10 kobolds
  6 rats
83 creatures vanquished.

Notes
Turn   | Place    | Note
-------+----------+-------------------------------------------
     0 | D:1      | Borgoz the Kobold Fighter began the quest for the Orb.
     0 | D:1      | Reached XP level 1. HP: 14/14 MP: 1/1
   342 | D:1      | Reached XP level 2. HP: 14/19 MP: 2/2
   348 | D:1      | Reached skill level 1 in Stealth
   698 | D:1      | Reached XP level 3. HP: 16/23 MP: 3/3
  1345 | D:2      | Reached skill level 1 in Dodging
  1704 | D:2      | Found a shimmering blue altar of Sif Muna.
  1761 | D:2      | Found a stormy altar of Qazlal.
  1780 | D:2      | Reached XP level 4. HP: 17/28 MP: 4/4
  1993 | D:2      | Found a blossoming altar of Fedhas.
  2499 | D:3      | Found a sparkling altar of Nemelex Xobeh.
  2555 | D:3      | Reached XP level 5. HP: 21/33 MP: 5/5
  3369 | D:4      | Reached XP level 6. HP: 28/38 MP: 6/6
  3557 | D:4      | Found a shattered altar of Ashenzari.
  3665 | D:4      | Became a worshipper of Ashenzari the Shackled
  4011 | D:5      | Entered Level 5 of the Dungeon
  4121 | D:5      | Found a staircase to the Ecumenical Temple.
  4143 | D:5      | Slain by an orc

Levels and vault maps discovered:
D:1:      lightli_arrival_maybe_door_vault, layout_basic, minmay_lizard_pond
D:2:      layout_rooms, grunt_temple_overflow_forces_of_nature,
          lemuel_round_altar
D:3:      layout_loops_ring, nemelex_xobeh_ov_fountains_minmay, first_ration
D:4:      layout_basic, ashenzari_altar_1
D:5:      cheibrodos_fertilizer, layout_loops_cross,
          lemuel_zombie_altar_yredelemnul, vehumet_crystals,
          minmay_temple_entry_purple_smoke, nrook_campfire, uniq_grinder

Skill      XL: |  1  2  3  4  5  6 |
---------------+-------------------+-----
Stealth        | 1 2 3 |  3.4
Short Blades   | 3 4 |  4.0
Dodging        | 1 2 |  2.5
Armour         | 3 |  3.1
Fighting       | 4 |  4.1
Shields        | 3 |  3.0

Action                   |  1- 3 |  4- 6 || total
-------------------------+-------+-------++-------
Melee: Rapier            |   164 |   208 ||   372
Throw: Throwing net      |     1 |       ||     1
Invok: Curse Item        |       |     2 ||     2
  Use: Scroll            |     1 |       ||     1
       Potion            |       |     3 ||     3
 Stab: Sleeping          |       |     1 ||     1
  Eat: Chunk             |    10 |     9 ||    19
Armor: Scale mail        |    85 |    65 ||   150
Dodge: Dodged            |    77 |    82 ||   159
Block: Shield            |    89 |    86 ||   175

Table legend:
 A = Non-vault XP
 B = Vault XP
 C = Vault XP percentage of total XP
 D = Non-vault monster count
 E = Vault monster count
 F = Vault count percentage of total count
                 A         B        C        D         E       F
            +---------+---------+-------+---------+---------+-------
      Total |     333 |       6 |   1.8 |      77 |       6 |   7.2
            +---------+---------+-------+---------+---------+-------
        D:1 |      27 |       6 |  18.2 |      17 |       6 |  26.1
        D:2 |      68 |       0 |   0.0 |      25 |       0 |   0.0
        D:3 |      65 |       0 |   0.0 |      19 |       0 |   0.0
        D:4 |     133 |       0 |   0.0 |      11 |       0 |   0.0
        D:5 |      40 |       0 |   0.0 |       5 |       0 |   0.0
            +---------+---------+-------+---------+---------+-------
